 Dungeon Crawl Stone Soup version 0.21.0 (webtiles) character file.

139 mopl the Slasher (level 5, -2/30 HPs)
             Began as a Tengu Skald on Jan 7, 2018.
             Slain by Sigmund
             ... wielding a +0 scythe
              (5 damage)
             ... on level 2 of the Dungeon.
             The game lasted 00:02:45 (2022 turns).

mopl the Slasher (Tengu Skald)                      Turns: 2022, Time: 00:02:46

Health: -2/30      AC:  5    Str: 11    XL:     5   Next: 22%
Magic:  9/9        EV: 12    Int: 14    God:
Gold:   71         SH:  0    Dex: 14    Spells: 0/8 levels left

rFire    . . .     SeeInvis .   m - +2 dagger (drain)
rCold    . . .     Gourm    .   (no shield)
rNeg     . . .     Faith    .   b - +0 leather armour
rPois    .         Spirit   .   (helmet restricted)
rElec    .         Reflect  .   (no cloak)
rCorr    .         Harm     .   n - +1 pair of gloves
MR       .....                  (boots unavailable)
Stlth    +.........             (no amulet)
HPRegen  0.10/turn              (no ring)
MPRegen  0.11/turn              (no ring)

@: very slightly contaminated
A: beak, talons 3, able to fly 1
a: Fly


You were on level 2 of the Dungeon.
You were not hungry.

You visited 1 branch of the dungeon, and saw 2 of its levels.

You collected 71 gold pieces.

Inventory:

Hand Weapons
 a - a +0 falchion
 m - a +2 dagger of draining (weapon)
Armour
 b - a +0 leather armour (worn)
 n - a +1 pair of gloves (worn)
Scrolls
 i - a scroll of fear {unknown}
 j - a scroll of remove curse {unknown}
 k - 3 scrolls of identify {unknown}
 l - a scroll of teleportation {unknown}
Potions
 e - a potion of curing {unknown}
 g - a potion of degeneration {unknown}
 h - a potion of mutation {unknown}
Books
 c - a book of Battle

   Spells                             Type                      Level
   a - Infusion                       Charms                       1
   b - Shroud of Golubria             Charms/Translocation         2
   c - Song of Slaying                Charms                       2
   d - Spectral Weapon                Hexes/Charms                 3
   e - Regeneration                   Charms/Necromancy            3
Comestibles
 d - 8 rations


   Skills:
 - Level 2.0 Fighting
 * Level 5.8 Long Blades
 - Level 1.1 Armour
 - Level 2.1 Dodging
 - Level 2.0 Spellcasting
 - Level 2.4 Charms


You couldn't memorise any spells.
You knew the following spells:

 Your Spells              Type           Power        Failure   Level  Hunger
a - Infusion              Chrm           #...         12%         1    ##.....
b - Song of Slaying       Chrm           #.......     17%         2    ###....
c - Spectral Weapon       Hex/Chrm       #.......     50%         3    ####...
f - Shroud of Golubria    Chrm/Tloc      #.........   28%         2    ###....


Dungeon Overview and Level Annotations

Branches:
Dungeon (2/15)

Altars:
Elyvilon

Annotations:
D:2 Sigmund


Innate Abilities, Weirdness & Mutations

You have a beak for a mouth.
You have claws for feet.
You can fly.


Message History

You hit something. Something hits you.
You miss something. Your kick misses something. You closely miss something.
Something barely misses you.
You hit something but do no damage. Your kick misses something.
You hit something but do no damage. Your kick misses something.
Something hits you but does no damage.
You hit something but do no damage. Your kick misses something.
Your peck misses something. Something hits you.
You barely miss something. Your kick misses something.
You barely miss something. You claw something. You peck something.
You hear some strange, mumbled words.
A magic dart appears from out of thin air!
The magic dart hits you!
* * * LOW HITPOINT WARNING * * *
You hit something but do no damage. You peck something. Something hits you.
* * * LOW HITPOINT WARNING * * *
You completely miss something.
Unknown command.
You hit something. You claw something. Something hits you.
You die...

###### ..... ....# #####
...##..... .......... #######
####.#....... ......#
..##.#....... #####.#
#.##.#....# #####.#
#.#..@{...#
##....#.####.#...#####
.'...........'........
##......####.#...#####
#####...# #.#...# #........##
...##...# #.#.....+.........#
##.##...# #.#######.........#
##.##...####.......+.........#
##..#.........######.........#


There were no monsters in sight!

Vanquished Creatures
  An orc wizard (D:2)
  3 gnolls
  4 adders (D:2)
  A worm (D:2)
  3 orcs (D:2)
  4 giant cockroaches
  4 goblins
  6 hobgoblins
  3 jackals (D:1)
  3 kobolds
  6 bats
  A frilled lizard (D:1)
  5 rats (D:1)
44 creatures vanquished.

Notes
Turn   | Place    | Note
-------+----------+-------------------------------------------
     0 | D:1      | mopl the Tengu Skald began the quest for the Orb.
     0 | D:1      | Reached XP level 1. HP: 12/12 MP: 4/4
    69 | D:1      | Reached XP level 2. HP: 8/17 MP: 0/6
   123 | D:1      | Learned a level 2 spell: Song of Slaying
   126 | D:1      | Learned a level 2 spell: Shroud of Golubria
   163 | D:1      | Reached skill level 3 in Long Blades
   609 | D:1      | Reached XP level 3. HP: 15/21 MP: 4/7
  1003 | D:2      | Found a white marble altar of Elyvilon.
  1053 | D:2      | Reached skill level 4 in Long Blades
  1426 | D:2      | Reached XP level 4. HP: 20/26 MP: 3/8
  1707 | D:2      | Reached skill level 5 in Long Blades
  1732 | D:1      | Gained mutation: You can fly. [Tengu growth]
  1732 | D:1      | Reached XP level 5. HP: 12/30 MP: 5/9
  1915 | D:2      | Learned a level 3 spell: Spectral Weapon
  1999 | D:2      | Noticed Sigmund
  2022 | D:2      | Slain by Sigmund

Skill      XL: |  1  2  3  4 |
---------------+-------------+-----
Long Blades    | 3 4 5 |  5.8
Fighting       | |  2.0
Armour         | |  1.1
Dodging        | |  2.1
Spellcasting   | |  2.0
Charms         | |  2.4

Action                   |  1- 3 |  4- 6 || total
-------------------------+-------+-------++-------
Melee: Falchion          |    51 |     7 ||    58
       Kick              |    20 |    13 ||    33
       Peck              |     7 |     6 ||    13
       Dagger            |     8 |    52 ||    60
 Cast: Infusion          |     9 |     1 ||    10
 Stab: Sleeping          |       |     1 ||     1
  Eat: Chunk             |     1 |     3 ||     4
Armor: Leather armour    |    15 |    10 ||    25
Dodge: Dodged            |    42 |    25 ||    67
       Rpst.: Falchion   |    14 |       ||    14
